Map: Pride of Altaris LE

Players

Pumba - Winner!

  • Race: Protoss Protoss
  • League: Diamond
  • Spawn Location: 11:00

TheRustic

  • Race: Protoss Protoss
  • League: Diamond
  • Spawn Location: 5:00

VOD

Have the link to the VOD?

Description

Time

  • Played on: March 8, 2022, 7 p.m.
  • Length: 25:54
Show
View Real Time Build Order
Export as new Build Order

Pumba Protoss - Winner!

Build Orders: Oracle Opening 

Get SALT Encoding   

  12  0:00  Probe  
  13  0:12  Probe  
  14  0:18  Pylon  
  14  0:25  Probe (Chrono Boost)  
  15  0:37  Probe (Chrono Boost)  
  15  0:39  Gateway  
  16  0:45  Probe (Chrono Boost)  
  16  0:46  Assimilator  
  17  0:51  Probe  
  17  0:55  Assimilator  
  18  1:03  Probe (Chrono Boost)  
  19  1:13  Probe (Chrono Boost), Gateway  
  20  1:18  Probe  
  21  1:26  Cybernetics Core  
  21  1:30  Probe  
  22  1:45  Probe  
  23  1:47  Pylon  
  23  2:05  Probe  
  23  2:06  Stalker x2  
  23  2:07  Warp Gate  
  28  2:14  Pylon  
  28  2:17  Probe  
  29  2:33  Stargate  
  29  2:58  Nexus  
  29  3:02  Adept  
  29  3:03  Adept  
  33  3:10  Probe  
  34  3:14  Oracle (Chrono Boost)  
  37  3:25  Pylon  
  37  3:42  Probe  
  38  3:48  Shield Battery  
  39  3:55  Probe  
  39  3:57  Stalker x2  
  43  4:07  Probe  
  44  4:10  Twilight Council, Forge  
  44  4:14  Robotics Facility  
  44  4:19  Probe  
  43  4:34  Probe x2  
  43  4:47  Probe (Chrono Boost), Blink (Chrono Boost)  
  43  4:51  Protoss Ground Weapons Level 1  
  43  4:52  Probe (Chrono Boost)  
  45  4:56  Probe (Chrono Boost)  
  47  5:00  Probe (Chrono Boost)  
  47  5:03  Warp Prism  
  47  5:05  Stalker  
  47  5:06  Zealot  
  47  5:07  Probe  
  54  5:15  Probe  
  55  5:22  Gateway  
  55  5:26  Gateway  
  55  5:28  Pylon  
  55  5:32  Pylon  
  55  5:33  Probe  
  55  5:34  Probe  
  57  5:35  Assimilator  
  57  5:36  Sentry  
  57  5:40  Stalker  
  61  5:44  Assimilator  
  61  5:45  Probe  
  60  6:01  Probe x2  
  62  6:13  Probe  
  62  6:15  Probe  
  62  6:17  Stalker x3  
  70  6:25  Probe  
  71  6:26  Pylon  
  71  6:27  Stalker, Pylon  
  72  6:44  Stalker x3  
  72  6:45  Probe x2  
  80  6:47  Pylon  
  80  6:51  Observer (Chrono Boost)  
  80  7:03  Stalker  
  82  7:21  Stalker  
  82  7:22  Stalker  
  83  7:34  Stalker  
  85  7:44  Gateway  
  85  7:45  Gateway  
  85  7:48  Gateway  
  85  7:49  Observer, Gateway  
  86  7:54  Nexus  
  86  7:56  Pylon  
  86  7:59  Gateway  
  86  8:00  Pylon  
  86  8:04  Protoss Ground Weapons Level 2 (Chrono Boost), Pylon  
  86  8:06  Pylon  
  86  8:09  Pylon  
  86  8:17  Shield Battery  
  86  8:20  Observer, Probe x2 (Chrono Boost), Pylon  
  86  8:26  Photon Cannon  
  88  8:27  Photon Cannon  
  88  8:29  Photon Cannon  
  88  8:30  Probe (Chrono Boost)  
  88  8:31  Probe (Chrono Boost)  
  90  8:35  Probe x2 (Chrono Boost)  
  92  8:55  Stalker x3  
  92  8:56  Stalker x2  
  99  9:23  Stalker x7  
  113  9:42  Stalker  
  114  9:59  Observer (Chrono Boost)  
  115  10:04  Stalker x7  
  129  10:24  Pylon  
  129  10:25  Probe  
  129  10:26  Pylon  
  129  10:28  Pylon  
  130  10:36  Stalker x6  
  130  10:41  Nexus  
  124  10:42  Pylon  
  116  11:03  Stalker x6  
  96  11:22  Stalker x2  
  94  11:29  Protoss Ground Armor Level 1 (Chrono Boost)  
  94  11:31  Probe x3, Photon Cannon  
  97  11:38  Stalker x6  
  109  11:43  Probe  
  106  11:53  Observer  
  74  12:02  Stalker x8  
  86  12:31  Gateway  
  86  12:32  Gateway  
  86  12:34  Gateway, Stalker  
  86  12:35  Stalker x5  
  94  12:37  Gateway  
  93  12:46  Stalker x2  
  93  12:50  Pylon  
  97  12:52  Probe x4  
  101  13:00  Stalker x3  
  107  13:05  Templar Archives  
  107  13:06  Charge  
  107  13:08  Probe x3  
  96  13:35  Stalker  
  96  13:36  Stalker x6  
  96  13:37  Stalker x2  
  114  13:56  Stalker x3  
  114  13:59  Shield Battery  
  114  14:00  Pylon  
  120  14:10  Nexus, Protoss Ground Weapons Level 3 (Chrono Boost)  
  120  14:16  Stalker x4  
  108  14:33  Stalker x6  
  120  14:45  Stalker x4  
  124  15:16  Observer  
  124  15:18  Stalker  
  124  15:19  Stalker x7  
  130  15:34  Stalker x3  
  135  15:51  Stalker x2  
  139  15:57  Zealot x10  
  139  16:00  Assimilator  
  159  16:04  Assimilator  
  159  16:17  Zealot x5  
  169  16:24  Zealot x7  
  183  16:33  Pylon  
  183  16:37  Stalker x2  
  183  16:38  Stalker  
  189  16:43  Observer (Chrono Boost)  
  184  17:28  Stalker x10  
  184  17:29  Stalker  
  188  17:40  Observer (Chrono Boost)  
  167  17:54  Zealot x7  
  167  17:55  Zealot x4  
  167  17:57  Photon Cannon  
  189  17:58  Shield Battery  
  189  17:59  Observer (Chrono Boost)  
  189  18:02  Pylon  
  189  18:03  Shield Battery  
  189  18:05  Photon Cannon  
  186  18:13  Observer  
  187  18:22  Zealot, Stalker x4  
  187  18:23  Zealot  
  193  18:48  Photon Cannon  
  193  18:49  Photon Cannon  
  193  18:51  Nexus  
  193  18:52  Pylon  
  193  18:53  Photon Cannon  
  193  18:54  Photon Cannon  
  189  19:03  Nexus, Zealot x5  
  195  19:27  Observer  
  196  19:36  Protoss Ground Armor Level 2 (Chrono Boost)  
  196  19:51  Photon Cannon  
  196  19:53  Photon Cannon  
  196  19:55  Photon Cannon  
  196  19:56  Shield Battery  
  196  19:57  Shield Battery  
  196  19:58  Pylon  
  196  20:01  Zealot  
  196  20:02  Zealot  
  146  20:21  Stalker x6  
  146  20:22  Stalker x3  
  164  20:32  Assimilator  
  164  20:33  Assimilator  
  164  20:34  Pylon  
  148  20:59  Stalker x7  
  160  21:16  Observer  
  152  21:30  Zealot x4  
  152  21:31  Zealot x8  
  166  22:08  Observer  
  166  22:09  Zealot x9  
  182  22:27  Stalker x3  
  167  23:00  Nexus  
  167  23:01  Pylon  
  167  23:08  Nexus  
  161  23:20  Nexus  
  161  24:01  Pylon  
  161  24:05  Assimilator  
  161  24:07  Assimilator  
  161  24:10  Pylon  
  161  24:12  Pylon  
  157  24:42  Forge  
  157  25:05  Nexus  
  157  25:24  Pylon  
  157  25:25  Assimilator  
  157  25:27  Pylon  
  157  25:29  Assimilator, Pylon  
Show
View Real Time Build Order
Export as new Build Order

TheRustic Protoss 

Build Orders: Blink Stalkers, Carriers 

Get SALT Encoding   

  12  0:00  Probe  
  13  0:12  Probe  
  14  0:18  Pylon  
  14  0:25  Probe  
  15  0:37  Probe  
  15  0:39  Gateway  
  16  0:49  Probe  
  17  0:51  Assimilator  
  17  1:01  Probe  
  17  1:02  Assimilator  
  18  1:13  Probe  
  19  1:25  Probe  
  20  1:26  Gateway  
  20  1:28  Cybernetics Core  
  20  1:40  Pylon  
  20  1:48  Probe  
  21  2:04  Stalker  
  24  2:08  Probe  
  24  2:12  Stalker  
  26  2:17  Nexus  
  26  2:24  Pylon  
  26  2:31  Pylon  
  26  2:38  Probe  
  26  2:39  Warp Gate  
  27  2:47  Twilight Council  
  27  2:50  Probe  
  28  2:59  Stalker  
  30  3:08  Shield Battery  
  30  3:10  Probe  
  31  3:20  Blink (Chrono Boost)  
  31  3:22  Probe  
  32  3:30  Assimilator  
  32  3:35  Stalker  
  32  3:38  Assimilator  
  32  3:40  Probe x2  
  36  3:49  Stalker  
  36  3:53  Probe x2  
  40  4:05  Probe x2  
  42  4:13  Forge  
  42  4:19  Robotics Facility  
  42  4:22  Pylon  
  34  4:44  Protoss Ground Weapons Level 1 (Chrono Boost)  
  34  4:45  Probe x2 (Chrono Boost)  
  32  4:57  Probe x2 (Chrono Boost)  
  34  5:02  Sentry  
  34  5:05  Probe (Chrono Boost), Stalker  
  34  5:06  Probe (Chrono Boost)  
  40  5:11  Probe x2 (Chrono Boost)  
  42  5:14  Observer  
  43  5:23  Probe x2 (Chrono Boost)  
  45  5:30  Probe (Chrono Boost)  
  45  5:31  Gateway, Probe (Chrono Boost)  
  45  5:33  Gateway  
  47  5:40  Probe  
  48  5:46  Shield Battery  
  46  5:59  Stalker x2  
  46  6:02  Charge  
  46  6:03  Warp Prism  
  52  6:20  Probe  
  52  6:21  Probe  
  54  6:33  Probe  
  55  6:43  Stalker x2  
  55  6:44  Stalker  
  55  6:47  Probe, Pylon  
  62  7:05  Probe x2  
  62  7:17  Probe  
  62  7:22  Stalker x2  
  64  7:23  Stalker  
  62  7:38  Probe x2  
  62  7:41  Protoss Ground Weapons Level 2  
  64  7:47  Nexus  
  64  7:50  Probe x2, Pylon  
  66  7:52  Pylon  
  66  7:54  Templar Archives  
  66  7:57  Gateway  
  66  8:01  Pylon  
  66  8:02  Probe x2  
  68  8:07  Robotics Bay  
  68  8:08  Pylon  
  68  8:14  Probe x2  
  68  8:15  Shield Battery  
  68  8:16  Shield Battery  
  68  8:17  Sentry  
  68  8:18  Photon Cannon  
  72  8:20  Photon Cannon  
  72  8:25  Observer  
  72  8:26  Probe  
  72  8:27  Probe  
  75  8:32  Zealot x3  
  81  8:38  Probe  
  81  8:39  Probe  
  83  8:44  High Templar  
  85  8:52  High Templar  
  85  8:58  Archon  
  85  8:59  Probe  
  85  9:00  Probe x2  
  88  9:05  Shield Battery  
  88  9:06  Pylon  
  88  9:09  Photon Cannon  
  88  9:12  Probe  
  88  9:14  Probe x2  
  88  9:16  High Templar x2  
  95  9:20  Phoenix, Pylon x2  
  95  9:24  Probe  
  96  9:25  Gateway  
  96  9:26  Disruptor  
  96  9:27  Gateway  
  96  9:29  Assimilator  
  96  9:31  Assimilator  
  99  9:36  Robotics Facility  
  99  9:42  Archon  
  99  9:49  Zealot  
  101  9:53  Zealot x4  
  109  10:04  Disruptor  
  109  10:05  Nexus  
  109  10:06  Pylon  
  112  10:11  Observer  
  110  10:26  Zealot x5  
  120  10:28  Disruptor (Chrono Boost)  
  123  10:41  Zealot x2  
  100  10:51  Zealot x5  
  107  10:59  Disruptor (Chrono Boost)  
  106  11:04  Disruptor (Chrono Boost)  
  104  11:17  Zealot  
  104  11:18  Zealot x6  
  93  11:27  Probe x4  
  93  11:29  Observer  
  98  11:38  Zealot x4  
  98  11:39  Probe x3, Pylon  
  109  11:40  High Templar  
  109  11:41  Shield Battery, High Templar  
  109  11:44  Photon Cannon  
  109  11:45  Archon  
  106  11:48  Probe  
  89  12:02  Disruptor x2  
  89  12:04  Zealot x5  
  105  12:09  Probe  
  105  12:10  Probe  
  107  12:20  Photon Cannon  
  107  12:22  Pylon  
  107  12:23  Probe x2  
  102  12:38  Disruptor x2  
  99  12:46  Zealot x7  
  99  12:51  Gateway  
  113  12:53  Gateway  
  113  12:54  Probe x2  
  115  13:12  High Templar  
  115  13:13  Photon Cannon x2, High Templar x3  
  115  13:14  High Templar x2  
  115  13:15  Shield Battery  
  115  13:17  Archon x2  
  115  13:19  Archon  
  121  13:33  Disruptor x2  
  121  13:35  Zealot  
  123  13:45  Nexus  
  123  13:48  Pylon  
  123  13:52  Zealot x4  
  123  13:53  Zealot  
  123  13:55  Probe  
  134  13:57  Assimilator  
  134  14:01  Probe x3, Assimilator  
  137  14:09  Disruptor x2  
  142  14:20  Zealot x7  
  154  14:30  Zealot x2  
  150  14:45  Observer x2  
  152  14:49  Photon Cannon  
  152  14:52  Photon Cannon  
  152  14:53  Pylon  
  152  14:54  Shield Battery  
  152  14:55  Shield Battery  
  152  14:57  Shield Battery  
  152  15:00  Pylon  
  152  15:01  Photon Cannon  
  152  15:04  Zealot x2  
  152  15:05  Zealot x7  
  152  15:06  Observer  
  152  15:07  Observer  
  171  15:13  Dark Shrine  
  161  15:19  Protoss Ground Weapons Level 3  
  149  15:32  Warp Prism  
  149  15:34  Stalker  
  151  15:50  Zealot x8  
  151  15:55  Stargate  
  151  15:57  Stargate  
  167  15:58  Stargate  
  167  16:02  Stargate  
  167  16:07  Stargate  
  167  16:13  Zealot x5  
  177  16:22  Disruptor x2  
  181  16:26  High Templar x3  
  181  16:27  High Templar  
  181  16:30  Archon  
  181  16:31  Archon  
  189  16:33  Observer  
  189  16:36  Shield Battery  
  189  16:38  Pylon  
  189  16:41  Photon Cannon  
  189  16:45  Pylon  
  185  16:52  Fleet Beacon  
  185  16:53  Pylon  
  185  16:58  Observer x2  
  187  17:05  Zealot x2  
  187  17:06  Zealot x4  
  191  17:18  Photon Cannon  
  191  17:29  Dark Templar x5  
  183  17:30  Dark Templar x4  
  183  17:33  Shadow Stride  
  167  17:46  Observer  
  167  17:57  Carrier x3  
  185  18:00  Carrier  
  171  18:31  Carrier  
  173  18:35  Dark Templar  
  173  18:36  Dark Templar x5  
  179  18:43  Assimilator  
  179  18:46  Assimilator  
  179  18:47  Photon Cannon  
  179  18:51  Shield Battery  
  179  18:53  Shield Battery  
  179  18:55  Observer, Pylon  
  179  18:56  Zealot x3  
  179  19:08  Carrier x2  
  172  19:41  Photon Cannon  
  172  19:42  Pylon  
  172  19:43  Photon Cannon  
  172  19:44  Photon Cannon  
  172  19:48  Nexus  
  172  19:49  Probe, Pylon  
  172  19:50  Probe x4, Pylon x2  
  171  20:01  Probe  
  171  20:02  Probe  
  171  20:03  Dark Templar x2  
  171  20:04  Dark Templar  
  160  20:19  Probe  
  160  20:20  Probe x3  
  153  20:32  Probe x3  
  144  20:55  Photon Cannon  
  137  20:58  Photon Cannon  
  137  21:00  Photon Cannon  
  137  21:11  Nexus  
  135  21:12  Pylon  
  135  21:26  Carrier  
  135  21:32  Dark Templar x2  
  143  21:33  Dark Templar  
  145  21:46  Dark Templar  
  145  21:50  Disruptor  
  140  21:55  Dark Templar, Observer  
  101  22:32  Shield Battery  
  92  23:12  Zealot  
  94  23:18  Dark Templar  
Tags
 
Add a new tag
Caveats
  • Supply blocks, unpowered buildings, or Contaminate may cause inaccurate times.
  • Supply counts are checked every 10 seconds.